 Dungeon Crawl Stone Soup version 0.29-a0-330-g52719c12eb (webtiles) character file.

Game seed: 10937969350686207897

88 HoaS the Bolt Thrower (level 4, -3/26 HPs)
             Began as a Kobold Hunter on May 21, 2022.
             Slain by Sigmund
             ... wielding a +1 vampiric scythe
              (6 damage)
             ... on level 2 of the Dungeon.
             The game lasted 00:03:15 (1031 turns).

HoaS the Bolt Thrower (Kobold Hunter)               Turns: 1031, Time: 00:03:16

Health: -3/26      AC:  4    Str:  8    XL:     4   Next: 82%
Magic:  4/4        EV: 14    Int: 10    God:
Gold:   58         SH:  0    Dex: 20    Spells: 3/3 levels left

rFire   . . .      SeeInvis .   a - +2 hand crossbow
rCold   . . .      Faith    .   (no shield)
rNeg    . . .      Spirit   .   b - +1 leather armour
rPois   .          Reflect  .   (no helmet)
rElec   .          Harm     .   (no cloak)
rCorr   .          Rampage  .   (no gloves)
Will    .....                   (no boots)
Stlth   +++.......              (no amulet)
HPRegen 0.08/turn               (no ring)
MPRegen 0.09/turn               (no ring)

@: no status effects
A: small, no large weapons, nightstalker 3
a: no special abilities


You were on level 2 of the Dungeon.
You visited 1 branch of the dungeon, and saw 2 of its levels.

You collected 58 gold pieces.

Inventory:

Hand Weapons
 a - a +2 hand crossbow (weapon)
Armour
 b - a +1 leather armour (worn)
Scrolls
 c - a scroll of immolation
 g - 2 scrolls of magic mapping
 k - a scroll of enchant armour
Potions
 d - a potion of curing
 h - a potion of attraction {unknown}
 i - a potion of ambrosia {unknown}
 l - a potion of brilliance {unknown}
 m - a potion of cancellation {unknown}


   Skills:
 - Level 2.1 Fighting
 + Level 7.7 Crossbows
 - Level 2.4 Dodging
 - Level 1.3 Stealth


You had 3 spell levels left.
You didn't know any spells.
Your spell library was empty.

Dungeon Overview and Level Annotations

Branches:
Dungeon (2/15)

Altars:

Annotations:
D:2 Sigmund


Innate Abilities, Weirdness & Mutations

You are small and have problems with some larger weapons.
You are completely attuned to the shadows.


Message History

You shoot a bolt. The bolt barely misses the adder.
The bolt closely misses Sigmund.
The adder bites you but does no damage. The adder barely misses you.
You shoot a bolt. The bolt hits the adder.
The adder is severely wounded.
Sigmund barely misses you. The adder misses you.
You shoot a bolt. The bolt hits the adder!
You kill the adder!
Sigmund casts a spell at you. You resist with some effort.
You shoot a bolt. The bolt barely misses Sigmund.
Sigmund barely misses you.
You shoot a bolt. The bolt hits Sigmund!
Sigmund is heavily wounded.
Sigmund gestures wildly while chanting.
Sigmund flickers and vanishes!
Deactivating autopickup; reactivate with Ctrl-A.
No target in view!
No target in view!
No target in view!
No target in view!
You shoot a bolt. Something barely misses you.
You shoot a bolt. Something hits you!
You are too injured to fight recklessly!
You are too injured to fight recklessly!
You are too injured to fight recklessly!
You are too injured to fight recklessly!
You are too injured to fight recklessly!
Shoot: a) +2 hand crossbow
Press: ? - help, Q - select action Shift-Dir - straight line You shoot a bolt.
Something hits you!
* * * LOW HITPOINT WARNING * * *
Shoot: a) +2 hand crossbow
Press: ? - help, Q - select action Shift-Dir - straight line You shoot a bolt.
Shoot: a) +2 hand crossbow
Press: ? - help, Q - select action Shift-Dir - straight line You shoot a bolt.
Something hits you.
You die...

*** ,,* ***** ,,* ########
#######,,,* ,,*
#......##########.....#,,,* ***
#...........@.{†......#.,,*
#......#....#####.......,,*
###.####....# ###.##..***** ##
#..###....# *#....#,,,,,
.#######...#....#*****.....#,,,,,
.......###.......,*,,..>..#.,,,,,
.#####....#.....#,,,#......,,,,,,
.# ####.†.....#,,,.......#.,,,,
.# ###.##...,**#............


There were no monsters in sight!

Vanquished Creatures
  5 adders (D:2)
  2 dart slugs (D:1)
  2 ball pythons (D:2)
  5 endoplasms
  A giant cockroach (D:1)
  A goblin (D:2)
  4 hobgoblins
  6 jackals
  2 kobolds (D:1)
  A quokka (D:1)
  5 bats
  2 frilled lizards (D:1)
  2 rats (D:1)
38 creatures vanquished.

Notes
Turn   | Place    | Note
-------+----------+-------------------------------------------
     0 | D:1      | HoaS the Kobold Hunter began the quest for the Orb.
     0 | D:1      | Reached XP level 1. HP: 12/12 MP: 1/1
   222 | D:1      | Reached XP level 2. HP: 15/17 MP: 2/2
   235 | D:1      | Reached skill level 6 in Crossbows
   436 | D:1      | Reached XP level 3. HP: 21/21 MP: 3/3
   712 | D:2      | Reached skill level 7 in Crossbows
   722 | D:2      | Reached XP level 4. HP: 26/26 MP: 4/4
  1011 | D:2      | Noticed Sigmund
  1031 | D:2      | Slain by Sigmund

Illustrated notes

Levels and vault maps discovered:
D:1:      dreamdust_arrival_sigmund_warning, layout_basic, minmay_pentomino_z4
D:2:      layout_rooms, st_stairs_8, uniq_crazy_yiuf_cottage, uniq_sigmund

Skill      XL: |  1  2  3 |
---------------+----------+-----
Crossbows      | 6 7 |  7.7
Fighting       | |  2.1
Dodging        | |  2.4
Stealth        | |  1.3

Action                   |  1- 3 |  4- 6 || total
-------------------------+-------+-------++-------
 Fire: Hand crossbow     |    62 |    41 ||   103
  Use: Scroll            |     6 |     3 ||     9
Armor: Leather armour    |     9 |     2 ||    11
Dodge: Dodged            |    29 |    16 ||    45

Table legend: (Time is in decaauts)
 A = Elapsed time spent in this place.
 B = Non-inter-level travel time spent in this place.
 C = Inter-level travel time spent in this place.
 D = Time resting spent in this place.
 E = Time spent auto-exploring this place.
 F = Levels seen in this place.
 G = Mean time per level.
                   A        B        C        D        E       F      G
               +--------+--------+--------+--------+--------+-----+--------+
         Total |   1054 |   1036 |     18 |      0 |    821 |   2 |  527.0 |
       Dungeon |   1054 |   1036 |     18 |      0 |    821 |   2 |  527.0 |
               +--------+--------+--------+--------+--------+-----+--------+

Top non-repeatable levels by time:
     D:1: 706 daAuts
     D:2: 347 daAuts
